 Dungeon Crawl Stone Soup version 0.30-a0-587-gfd7c166f36 (webtiles) character file.

Game seed: 1218648520092694171

4 Bnni the Vexing (level 1, -1/13 (15) HPs)
             Began as a Formicid Hexslinger on Jan 4, 2023.
             Frozen to death by an endoplasm (3 damage)
             ... on level 1 of the Dungeon.
             The game lasted 00:00:37 (67 turns).

Bnni the Vexing (Formicid Hexslinger)                 Turns: 67, Time: 00:00:37

HP:   -1/13 (15)    AC:  2    Str: 14    XL:     1   Next: 77%
MP:   1/2           EV: 12    Int: 12    God:
Gold: 11            SH:  0    Dex: 14    Spells: 1/2 levels left

rFire   . . .      SeeInvis +    a - +1 sling
rCold   . . .      Faith    .    (no shield)
rNeg    . . .      Spirit   .    c - +0 robe
rPois   .          Reflect  .    (helmet unavailable)
rElec   .          Harm     .    (no cloak)
rCorr   .          Rampage  .    (no gloves)
Will    .....                    (no boots)
Stlth   +                        (no amulet)
HPRegen 0.22/turn                (no ring)
MPRegen 0.08/turn                (no ring)

@: heavily drained
A: permanent stasis, dig shafts and tunnels, antennae 3, four strong arms
a: Dig, Shaft Self


You were on level 1 of the Dungeon.
You visited 1 branch of the dungeon, and saw 1 of its levels.

You collected 11 gold pieces.

Inventory:

Hand Weapons
 a - a +1 sling (weapon)
Armour
 c - a +0 robe (worn)
Scrolls
 b - a scroll of poison


   Skills:
 + Level 1.2 Fighting
 * Level 2.1 Ranged Weapons
 - Level 1.7 Dodging
 + Level 1.1 Spellcasting
 * Level 3.7 Hexes
 * Level 0.3 Fire Magic


You had one spell level left.
You knew the following spells:

 Your Spells              Type           Power      Damage    Failure   Level
a - Slow                  Hex            36%        N/A       6%          1

Your spell library contained the following spells:

 Spells                   Type           Power      Damage    Failure   Level
 Inner Flame              Hex/Fire       5%         N/A       36%         3
 Portal Projectile        Hex/Tloc       10%        N/A       38%         3
 Cause Fear               Hex            4%         N/A       54%         4


Dungeon Overview and Level Annotations

Branches:
Dungeon (1/15)

Altars:


Innate Abilities, Weirdness & Mutations

You cannot be hasted, slowed, berserked, paralysed or teleported.
You can dig through walls and to a lower floor.
You have a pair of large antennae on your head. (SInv)
Your four strong arms can wield two-handed weapons with a shield.


Message History

An endoplasm comes into view.
The endoplasm freezes you.
You are frozen.
The hobgoblin closely misses you.
You shoot a sling bullet. The sling bullet hits the hobgoblin.
The hobgoblin is almost dead.
The endoplasm freezes you.
You are frozen.
The hobgoblin hits you but does no damage.
The endoplasm closely misses you. The hobgoblin hits you.
* * * LOW HITPOINT WARNING * * *
You extend your mandibles.
You dig through the rock wall.
You feel drained.
You dig through the rock wall.
You feel drained.
You are too injured to fight recklessly!
You retract your mandibles.
You shoot a sling bullet. The sling bullet hits the endoplasm!
You kill the endoplasm!
You shoot a sling bullet.
The sling bullet hits the hobgoblin but does no damage.
The hobgoblin is almost dead.
The hobgoblin misses you.
You shoot a sling bullet. The sling bullet hits the hobgoblin!
You kill the hobgoblin!
The endoplasm freezes you.
You are frozen.
* * * LOW HITPOINT WARNING * * *
Casting: Slow (safe; 6% risk of failure)
Confirm with . or Enter, or press ? or * to list all spells.
Aiming: Slow (safe; 6% risk of failure)
Press: ? - help, Shift-Dir - straight line, f - endoplasm
Aim: an endoplasm (chance to affect: 61%)
The endoplasm seems to slow down.
You shoot a sling bullet. The sling bullet hits the endoplasm.
The endoplasm is moderately wounded.
The endoplasm closely misses you.
You shoot a sling bullet.
The sling bullet barely misses the endoplasm.
The endoplasm freezes you.
You are frozen.
You die...

##.##.#.#####.
#.##.#.#
#.##.#.#
#.##.#.## .#
#.##.#..# .#
#. #.##.# .#
#.##.# .#
#.##.####.#
#.##@#.#
#.##.##J#.#
#........†#
####......J..#
#########...#
... #


You could see an endoplasm (slow).

Vanquished Creatures
  2 endoplasms (D:1)
  A hobgoblin (D:1)
  A ball python (D:1)
4 creatures vanquished.

Notes
Turn   | Place    | Note
-------+----------+-------------------------------------------
     0 | D:1      | Bnni the Formicid Hexslinger began the quest for the Orb.
     0 | D:1      | Reached XP level 1. HP: 15/15 MP: 2/2
    67 | D:1      | Frozen to death by an endoplasm

Illustrated notes

Levels and vault maps discovered:
D:1:      evilmike_arrival_crescent, layout_loops_ring

Action                   || total
-------------------------++-------
 Fire: Sling             ||    19
 Cast: Slow              ||     1
 Abil: Dig               ||     1
Armor: Robe              ||     1
Dodge: Dodged            ||     8

Table legend: (Time is in decaauts)
 A = Elapsed time spent in this place.
 B = Non-inter-level travel time spent in this place.
 C = Inter-level travel time spent in this place.
 D = Time resting spent in this place.
 E = Time spent auto-exploring this place.
 F = Levels seen in this place.
 G = Mean time per level.
                   A        B        C        D        E       F      G
               +--------+--------+--------+--------+--------+-----+--------+
         Total |     72 |     72 |      0 |      0 |     43 |   1 |   72.0 |
       Dungeon |     72 |     72 |      0 |      0 |     43 |   1 |   72.0 |
               +--------+--------+--------+--------+--------+-----+--------+

Top non-repeatable levels by time:
     D:1: 72 daAuts
